 Dungeon Crawl Stone Soup version 0.26.1-10-gdfb7c7de75 (webtiles) character file.

Game seed: 7916469226434042466

254 CrazyMind the Insei (level 5, -6/40 HPs)
             Began as a Draconian Transmuter on Apr 8, 2021.
             Was an Initiate of Gozag.
             Mangled by a scorpion (9 damage)
             ... on level 3 of the Dungeon.
             The game lasted 00:15:48 (3645 turns).

CrazyMind the Insei (Draconian Transmuter)          Turns: 3645, Time: 00:15:48

Health: -6/40      AC:  5    Str: 12    XL:     5   Next: 91%
Magic:  8/9        EV: 13    Int: 14    God:    Gozag
Gold:   147        SH:  0    Dex: 12    Spells: 7/10 levels left

rFire    . . .     SeeInvis .     - Unarmed
rCold    . . .     Faith    .   (no shield)
rNeg     . . .     Spirit   .   (armour unavailable)
rPois    .         Reflect  .   (helmet currently unavailable)
rElec    .         Harm     .   (no cloak)
rCorr    .         Rampage  .   (no gloves)
Will     .....                  (boots currently unavailable)
Stlth    +.........             (no amulet)
HPRegen  0.13/turn              (no ring)
MPRegen  0.11/turn              (no ring)

@: brilliant, lethally poisoned (-6 -> -9), appendages (expiring), attractive,
flying
A: unfitting armour, horns 2, talons 2, cold-blooded, AC +5
a: End Transformation, Renounce Religion, Potion Petition, Call Merchant, Bribe
Branch


You were on level 3 of the Dungeon.
You worshipped Gozag.
Gozag was aware of your devotion.
You had grown temporary horns.
You had grown temporary talons.
You visited 1 branch of the dungeon, and saw 4 of its levels.

You collected 193 gold pieces.
You paid 46 gold pieces to Gozag.

Inventory:

Missiles
 d - 76 stones
 f - 31 poisoned darts (quivered)
Armour
 g - a +0 pair of boots (melded)
Wands
 m - a wand of random effects (14)
 r - a wand of iceblast (16)
Scrolls
 a - a scroll of teleportation {unknown}
 b - 3 scrolls of identify {unknown}
 h - 2 scrolls of fear {unknown}
 i - a scroll of enchant weapon {unknown}
 j - 2 scrolls of blinking {unknown}
 n - a scroll of remove curse {unknown}
 o - a scroll of amnesia {unknown}
 p - a scroll of fog {unknown}
Potions
 e - a potion of attraction
 q - a potion of haste {unknown}


   Skills:
 + Level 1.5 Fighting
 + Level 0.1 Throwing
 + Level 2.9 Dodging
 + Level 5.0 Unarmed Combat
 + Level 3.0 Spellcasting
 + Level 2.7 Transmutations


You had 7 spell levels left.
You knew the following spells:

 Your Spells              Type           Power        Failure   Level
a - Beastly Appendage     Tmut           28%          7%          1
b - Wereblood             Tmut           14%          11%         2

Your spell library contained the following spells:

 Spells                   Type           Power        Failure   Level
 Spider Form              Tmut/Pois      4%           36%         3
 Ice Form                 Ice/Tmut       9%           77%         4
 Blade Hands              Tmut           7%           88%         5


Dungeon Overview and Level Annotations

Branches:
Dungeon (4/15)
 Temple: D:4-7

Altars:
Ashenzari
Elyvilon
Fedhas
Gozag
Kikubaaqudgha
Xom
Yredelemnul

Annotations:
D:4 Grinder


Innate Abilities, Weirdness & Mutations

Your plain brown scales are hard. (AC +5)
You cannot fit into any form of body armour.
You are cold-blooded and may be slowed by cold attacks.
You have a pair of horns on your head.
You have razor-sharp toenails.


Message History

Okay, then.
Unknown command.
Casting: Beastly Appendage (safe; 7% risk of failure)
Confirm with . or Enter, or press ? or * to list all spells.
Okay, then.
Unknown command.
Unknown command.
It was a potion of attraction.
You feel attractive to monsters. The scorpion stings you.
* * * LOW HITPOINT WARNING * * *
It was a potion of brilliance.
You feel clever all of a sudden.
* * * LOW HITPOINT WARNING * * *
You feel sick. The scorpion closely misses you.
It was a potion of flight.
You feel very buoyant.
You fly up into the air.
The scorpion stings you!
You die...
Your body crumbles into a pile of gold.

### #.# #.#### #....#
#.##'#######
#..........##########
##..@......'(........
#.[s......##########
#..........#########
#...................
#..........#########
#..........#.#....#
#..........#.#.##.#
##########.#.#.##.#
#.....##.#


You could see a scorpion.

Vanquished Creatures
  An ogre (D:2)
  Ijyb (D:3)
  A worker ant (D:2)
  5 adders
  An ooze (D:1)
  2 worms (D:2)
  2 leopard geckos (D:2)
  4 orcs (D:3)
  2 giant cockroaches
  5 goblins
  9 hobgoblins
  2 jackals (D:3)
  6 kobolds
  A quokka (D:4)
  A ball python (D:1)
  11 bats
  3 frilled lizards
  6 rats
  A spectral orc (D:2)
  2 butterflies (D:2)
66 creatures vanquished.

Vanquished Creatures (others)
  A human (D:2)
1 creature vanquished.

Grand Total: 67 creatures vanquished

Notes
Turn   | Place    | Note
-------+----------+-------------------------------------------
     0 | D:1      | CrazyMind the Draconian Transmuter began the quest for the
                  | Orb.
     0 | D:1      | Reached XP level 1. HP: 16/16 MP: 3/3
    38 | D:1      | Found a broken altar of Ashenzari.
    45 | D:1      | Reached XP level 2. HP: 17/23 MP: 3/5
    48 | D:1      | Learned a level 2 spell: Wereblood
   999 | D:1      | Reached XP level 3. HP: 28/28 MP: 6/6
  1170 | D:2      | Found an ancient bone altar of Kikubaaqudgha.
  1170 | D:2      | Noticed a human
  1175 | D:2      | Killed a human
  1488 | D:2      | Found a shimmering altar of Xom.
  1534 | D:2      | Reached skill level 4 in Unarmed Combat
  1553 | D:2      | Reached XP level 4. HP: 13/35 MP: 4/7
  2044 | D:2      | Found a basalt altar of Yredelemnul.
  2228 | D:2      | Noticed an ogre
  2539 | D:2      | Killed an ogre
  2540 | D:2      | Reached XP level 5. HP: 25/40 MP: 6/9
  3307 | D:3      | Found a white marble altar of Elyvilon.
  3307 | D:3      | Found an opulent altar of Gozag.
  3308 | D:3      | Found a blossoming altar of Fedhas.
  3313 | D:3      | Became a worshipper of Gozag Ym Sagoz the Greedy
  3596 | D:4      | Noticed Ijyb
  3616 | D:3      | Killed Ijyb
  3617 | D:3      | Reached skill level 5 in Unarmed Combat
  3633 | D:4      | Noticed Grinder
  3645 | D:3      | Mangled by a scorpion

Illustrated notes

Levels and vault maps discovered:
D:1:      giann_bridges, layout_loops_corners, nicolae_ashenzari_panopticon
D:2:      layout_loops_ring, yredelemnul_forgotten_temple_becter,
          xom_butterflies, kennysheep_cross_room, tgw_kikubaaqudgha
D:3:      layout_basic, gammafunk_temple_overflow_forgotten
D:4:      layout_basic, nicolae_overflow_hidden_temple, uniq_grinder,
          uniq_natasha, uniq_ijyb

Skill      XL: |  1  2  3  4  5 |
---------------+----------------+-----
Dodging        | 2 |  2.9
Unarmed Combat | 4 5 |  5.0
Spellcasting   | 3 |  3.0
Fighting       | |  1.5
Throwing       | |  0.1
Transmutations | |  2.7

Action                   |  1- 3 |  4- 6 || total
-------------------------+-------+-------++-------
Melee: Unarmed           |   126 |   122 ||   248
       Headbutt          |     7 |     7 ||    14
       Kick              |    10 |    22 ||    32
       Tailslap          |    11 |     8 ||    19
       Punch             |     1 |     1 ||     2
Throw: Dart              |       |     6 ||     6
 Cast: Beastly Appendage |    11 |    14 ||    25
       Wereblood         |       |     2 ||     2
  Use: Potion            |       |     5 ||     5
Armor: Skin              |    50 |    34 ||    84
Dodge: Dodged            |    82 |    95 ||   177
